Unix NetHack Version 3.7.0-71 Work-in-progress - last build Jan 31 2023 02:41:03 (7ba98a1283f2b7cec35fde026edb48fc825ab8ae,branch:master). Game began 2023-02-05 23:34:23, ended 2023-02-05 23:49:43. galadriel, neutral female human Priestess --------- |.....>..# --------- ------- |.......|# |.......-# |+?.!?| |(......|# |.......|# |.....| |.......|## |........## ----|-- |.......| # -.-------# ### --.------ # # # ----- # ### # # ### |...| # ## # # ###.....###### # # ## ---|- ||..| # # # #####|o.@| ----- ## # # #|<..| ###### --.--- -----)--- #....| # |....| #........| ----- # |...[| #|.......-##################0################## # --------- |....-######|.......| ### ##........| |....| ##--------- ##%#|.......| |.....################################## #-.......| ------ -------- Galadriel the Aspirant St:9 Dx:11 Co:17 In:13 Wi:18 Ch:11 Neutral S:318 Dlvl:5 $:42 HP:0(11) Pw:6(6) AC:3 Xp:1/19 T:1278 Latest messages: You see here a stiletto. You see here a purple-red potion. v - a purple-red potion. You swap places with your kitten. You kill the sewer rat! You see here a sewer rat corpse. The sewer rat bites! You miss the sewer rat. The sewer rat bites! You miss the sewer rat. The sewer rat bites! You miss the sewer rat. The sewer rat bites! You kill the sewer rat! There is a sewer rat corpse here; eat it? [ynq] (n) y This sewer rat corpse is tough. You finish eating the sewer rat corpse. You see here a sewer rat corpse. There is a sewer rat corpse here; eat it? [ynq] (n) y This sewer rat corpse is fatty. You finish eating the sewer rat corpse. You swap places with your kitten. The kitten bites it. It hits the kitten. The kitten bites it. It misses the kitten. The kitten misses it. The kitten bites it. The kitten bites it. You hear some noises. You swap places with your kitten. You see here a kobold lord corpse. You are beginning to feel hungry. You swap places with your kitten. You hear someone cursing shoplifters. You see here a kobold lord corpse. The door opens. You swap places with your kitten. What do you want to eat? [kl or ?*] ? This lichen corpse tastes okay. You finish eating the lichen corpse. Where do you want to travel to? (For instructions type a '?') You kill the acid blob! You are splashed by the acid blob's acid! You see here an acid blob corpse. There is an acid blob corpse here; eat it? [ynq] (n) y You have a very bad case of stomach acid. You die... Do you want your possessions identified? [ynq] (y) q Inventory: Coins $ - 42 gold pieces Weapons a - a blessed +1 mace (weapon in hand) Armor c - a burnt +0 small shield (being worn) s - a +0 cloak of invisibility b - a +0 robe (being worn) p - a +0 elven mithril-coat (being worn) Comestibles k - a slime mold Spellbooks r - a spellbook of confuse monster h - a spellbook of detect monsters o - a spellbook of force bolt g - a spellbook of light Potions v - a potion of monster detection d - 3 potions of holy water Rings q - a cursed ring of stealth Tools i - an oil lamp j - a tin opener Galadriel the Priestess's attributes: Background: You were an Aspirant, a level 1 human Priestess. You were neutral, nominally on a mission for Camaxtli who was opposed by Quetzalcoatl (lawful) and Huhetotl (chaotic). You were in the Dungeons of Doom, on level 5. You entered the dungeon 1278 turns ago. It was nighttime. There was a full moon in effect when your adventure ended. You had 19 experience points, 1 more was needed to attain level 2. Your score was 318 before end-of-game adjustments. Basics: You had 0 out of 11 hit points. You had all 6 energy points (spell power). Your armor class was 3. Your wallet contained 42 zorkmids. Autopickup was off. Final Characteristics: Your strength was 9 (limit:18/100). Your dexterity was 11 (limit:18). Your constitution was 17 (limit:18). Your intelligence was 13 (limit:18). Your wisdom was 18 (limit:18). Your charisma was 11 (limit:18). Final Status: You were not hungry. You were unencumbered. You were wielding a mace. You had basic skill with mace. Final Attributes: You were fervently aligned. You were guarded. You were lucky. You are dead. Miscellaneous: You never encountered a bones level. Total elapsed playing time was 15 minutes and 19 seconds. Major events: Turn 1: galadriel the neutral human Priestess entered the dungeon 95: entered the Gnomish Mines 1278: killed by an acidic corpse Vanquished creatures: a kobold leader an acid blob a coyote a hobbit a yellow mold a jackal 2 sewer rats 4 grid bugs 3 lichens 3 newts 18 creatures vanquished. No species were genocided or became extinct. Voluntary challenges: You were an atheist. You read items or engraved 2 times. You never engraved Elbereth. You never genocided any monsters. You never polymorphed an object. You never changed form. You used no wishes. Achievements: You entered the Gnomish Mines. You entered a shop. The Dungeons of Doom: levels 1 to 5 Level 1: Level 2: A general store, a fountain, a sink. Stairs down to The Gnomish Mines. Level 3: Level 4: Level 5: <- You were here. A general store, a grave. Final resting place for you, killed by an acidic corpse. The Gnomish Mines: Level 3: Game over: ---------- / \ / REST \ / IN \ / PEACE \ / \ | galadriel | | 42 Au | | killed by an | | acidic corpse | | | | | | 2023 | *| * * * | * _________)/\\_//(\/(/\)/\//\/|_)_______ Goodbye galadriel the Priestess... You died in The Dungeons of Doom on dungeon level 5 with 314 points, and 42 pieces of gold, after 1278 moves. You were level 1 with a maximum of 11 hit points when you died.